 Dungeon Crawl Stone Soup version 0.23-a0-730-g0b75920 (webtiles) character file.

8 tatocazan the Shield-Bearer (level 2, -2/24 HPs)
             Began as a Formicid Fighter on Jan 17, 2019.
             Slain by a goblin
             ... wielding a +1 dagger of electrocution
              (10 damage)
             ... on level 1 of the Dungeon.
             The game lasted 00:00:15 (190 turns).

tatocazan the Shield-Bearer (Formicid Fighter)       Turns: 190, Time: 00:00:15

Health: -2/24      AC:  6    Str: 20    XL:     2   Next: 15%
Magic:  2/2        EV:  7    Int:  7    God:
Gold:   51         SH:  9    Dex: 10    Spells: 1/1 levels left

rFire    . . .     SeeInvis +   a - +0 long sword
rCold    . . .     Gourm    .   c - +0 shield
rNeg     . . .     Faith    .   b - +0 scale mail
rPois    .         Spirit   .   (helmet unavailable)
rElec    .         Reflect  .   (no cloak)
rCorr    .         Harm     .   (no gloves)
MR       .....                  (no boots)
Stlth    ..........             (no amulet)
HPRegen  0.08/turn              (no ring)
MPRegen  0.08/turn              (no ring)

@: no status effects
A: permanent stasis, dig shafts and tunnels, four strong arms, antennae 3
a: Dig, Shaft Self


You were on level 1 of the Dungeon.
You were not hungry.

You visited 1 branch of the dungeon, and saw 1 of its levels.

You collected 51 gold pieces.

Inventory:

Hand Weapons
 a - a +0 long sword (weapon)
Armour
 b - a +0 scale mail (worn)
 c - a +0 shield (worn)
Scrolls
 e - a scroll of fear {unknown}
Potions
 d - 2 potions of might
 g - a potion of degeneration {unknown}
Comestibles
 f - a ration


   Skills:
 + Level 3.4 Fighting
 + Level 2.2 Long Blades
 + Level 3.4 Armour
 + Level 3.8 Shields


You had one spell level left.
You didn't know any spells.
Your spell library was empty.

Dungeon Overview and Level Annotations

Branches:
Dungeon (1/15)

Altars:


Innate Abilities, Weirdness & Mutations

You cannot be hasted, slowed, berserked, paralysed or teleported.
You can dig through walls and to a lower floor.
Your four strong arms can wield two-handed weapons with a shield.
You have a pair of large antennae on your head. (SInv)


Message History

You are too injured to fight recklessly!
You are too injured to fight recklessly!
You are too injured to fight recklessly!
You are too injured to fight recklessly!
You are too injured to fight recklessly!
You are too injured to fight recklessly!
You are too injured to fight recklessly!
You are too injured to fight recklessly!
You are too injured to fight recklessly!
You are too injured to fight recklessly!
You are too injured to fight recklessly!
You are too injured to fight recklessly!
You are too injured to fight recklessly!
A goblin is nearby!
A goblin is nearby!
A goblin is nearby!
You closely miss the goblin. The goblin hits you but does no damage.
You barely miss the goblin.
The goblin hits you but does no damage. x2
You are electrocuted!
You die...

........# ........#
........# .##.######## {
...........#
.##.#......##########+##
..).#...................
.#.(..####..............
.#.##...........@g......
.†......................
...........#############
...........#
############


You could see a goblin.

Vanquished Creatures
  A giant cockroach (D:1)
  3 jackals (D:1)
  3 bats (D:1)
  A kobold (D:1)
8 creatures vanquished.

Notes
Turn   | Place    | Note
-------+----------+-------------------------------------------
     0 | D:1      | tatocazan the Formicid Fighter began the quest for the Orb.
     0 | D:1      | Reached XP level 1. HP: 18/18 MP: 1/1
     6 | D:1      | Noticed a hog
     6 | D:1      | Noticed a swamp drake
     6 | D:1      | Noticed a komodo dragon
     6 | D:1      | Noticed a black mamba
   119 | D:1      | Reached XP level 2. HP: 17/24 MP: 2/2
   190 | D:1      | Slain by a goblin

Vault maps used:
D:1:      onia_arrival_zoo_common, minmay_door_square, minmay_domino_4

Action                   || total
-------------------------++-------
Melee: Long sword        ||    28
Armor: Scale mail        ||    27
Dodge: Dodged            ||    11
Block: Shield            ||    19
       Rpst.: Long sword ||     5

Table legend:
 A = Non-vault XP
 B = Vault XP
 C = Vault XP percentage of total XP
 D = Non-vault monster count
 E = Vault monster count
 F = Vault count percentage of total count
                 A         B        C        D         E       F
            +---------+---------+-------+---------+---------+-------
      Total |      10 |       2 |  16.7 |       6 |       2 |  25.0
            +---------+---------+-------+---------+---------+-------
        D:1 |      10 |       2 |  16.7 |       6 |       2 |  25.0
            +---------+---------+-------+---------+---------+-------
